 Dungeon Crawl Stone Soup version 0.31-a0-152-g6aa68a64a1 (webtiles) character file.

Game seed: 9869799833164839575

6444 qw the Skirmisher (level 10, -4/93 HPs)
             Began as a Minotaur Hunter on June 8, 2023.
             Slain by a two-headed ogre
             ... wielding a +0 dire flail
              (11 damage)
             ... on level 9 of the Dungeon.
             The game lasted 00:03:25 (8498 turns).

qw the Skirmisher (Minotaur Hunter)                 Turns: 8498, Time: 00:03:25

Health: -4/93      AC:  9    Str: 20    XL:     10   Next: 67%
Magic:  9/9        EV: 15    Int:  8    God:
Gold:   504        SH:  0    Dex: 15    Spells: 9/9 levels left

rFire   + . .        Y - +2 shortbow (flame)
rCold   . . .        (shield currently unavailable)
rNeg    + . .        l - +3 leather armour
rPois   +            (helmet restricted)
rElec   .            (no cloak)
rCorr   .            b - +2 pair of gloves of the Echidna {Int+3}
SInv    .            (no boots)
Will    .....        (no amulet)
Stlth   +            j - ring of protection from fire
HPRegen 0.35/turn    n - ring of positive energy
MPRegen 0.11/turn

%: no passive effects
@: no status effects
A: horns 2, retaliatory headbutt, clumsy 1, poison resistance, strong 1, wild
magic 1, evolution 1
a: no special abilities


You were on level 9 of the Dungeon.
You visited 2 branches of the dungeon, and saw 10 of its levels.
You also visited: Sewer.

You collected 618 gold pieces.
You spent 114 gold pieces at shops.


Innate Abilities, Weirdness & Mutations

You have a pair of horns on your head.
You reflexively headbutt those who attack you in melee.
You are clumsy. (Dex -2)
Your system is resistant to poisons. (rPois)
Your muscles are strong. (Str +4, Int/Dex -1)
Your spells are a little harder to cast, but a little more powerful.
You have hidden genetic potential.


   Skills:
 + Level 10.1 Fighting
 - Level 14.0 Ranged Weapons
 - Level 3.0 Armour
 - Level 7.0 Dodging
 - Level 0.7 Stealth


You had 9 spell levels left.
You didn't know any spells.
Your spell library was empty.

Inventory:

Hand Weapons
 Y - a +2 shortbow of flaming (weapon)
Armour
 b - the +2 pair of gloves of the Echidna (worn) {Int+3}
   (You found it on level 6 of the Dungeon)

   Int:       It affects your intelligence (+3).
 l - a +3 leather armour (worn)
 m - a +0 leather armour of fire resistance
Jewellery
 j - a ring of protection from fire (left hand)
 n - a ring of positive energy (right hand)
Wands
 d - a wand of digging (8)
Scrolls
 e - a scroll of identify
Potions
 a - a potion of cancellation
 c - 2 potions of might
 g - a potion of lignification {unknown}
 i - a potion of resistance

Dungeon Overview and Level Annotations

Branches:
Dungeon (9/15)             Temple (1/1) D:6           Sewer (visited)
   Lair: D:8-11         Orc: D:9-12

Altars:
Dithmenos
Elyvilon
Gozag
Hepliaklqana
Kikubaaqudgha
Makhleb
Nemelex Xobeh
Qazlal
Sif Muna
Trog
Uskayaw
Vehumet
Wu Jian
Yredelemnul
The Shining One

Shops:
D:4 ([[?


Message History

The arrow hits the two-headed ogre but does no damage.
The two-headed ogre is lightly wounded.
You shoot an arrow. The arrow hits the cyan ugly thing!
The arrow burns the cyan ugly thing.
The cyan ugly thing is lightly wounded.
You shoot an arrow.
The arrow hits the cyan ugly thing but does no damage.
The cyan ugly thing is lightly wounded.
You shoot an arrow. The arrow hits the cyan ugly thing!
The arrow burns the cyan ugly thing.
The cyan ugly thing is moderately wounded.
You hear a howl!
A howler monkey comes into view.
The cyan ugly thing gores you but does no damage.
You shoot an arrow. The arrow hits the cyan ugly thing!
The arrow burns the cyan ugly thing.
The cyan ugly thing is heavily wounded.
You shoot an arrow. The arrow hits the cyan ugly thing.
The arrow burns the cyan ugly thing.
The cyan ugly thing is heavily wounded.
The cyan ugly thing gores you. The cyan ugly thing shocks you!
The two-headed ogre hits you with a +0 dire flail!!
The two-headed ogre hits you with a +0 giant club.
You shoot an arrow.
The arrow closely misses the cyan ugly thing.
The arrow hits the tengu warrior!
The arrow burns the tengu warrior.
The tengu warrior is lightly wounded.
The tengu warrior hits you from afar with a +0 bardiche!
The cyan ugly thing gores you. The cyan ugly thing shocks you!
The howler monkey hoots and howls with incredible vigour!
You hear an angry hiss.
You hear a shout! x2
You hear a horrible gurgling sound!
You hear a shout!
You hear an angry buzzing noise.
You hear a shout!
You shoot an arrow. The arrow hits the cyan ugly thing.
The arrow burns the cyan ugly thing.
The cyan ugly thing is severely wounded.
The tengu warrior hits you from afar with a +0 bardiche!!
The cyan ugly thing closely misses you.
The two-headed ogre hits you with a +0 dire flail!
You die...

#...................
#######........###..
########............
#....# ##........#..
####.#####........#..
#.##.##.##...........
#..)..)..'...........
#(##.##.##...........
####@#####...........
#Ou.# #...........
##Q## #...........
#h# #........... ...
#........... #.#
#........... #.#
#........... ?..
#......>.)..
##...........


You could see a cyan ugly thing, a tengu warrior, a two-headed ogre and a howler
monkey (catching breath).

Vanquished Creatures
  2 two-headed ogres (D:8)
  A hornet (D:8)
  Sigmund (D:2)
  A shadow (D:9)
  A wyvern (D:9)
  7 yaks
  2 water moccasins
  2 orc warriors (D:8)
  A black bear (D:5)
  An ice beast (D:5)
  4 ogres
  2 centaurs
  A kobold brigand (D:8)
  A bullfrog (D:8)
  3 scorpions
  15 wights
  7 killer bees
  3 howler monkeys
  2 hounds
  3 jellies
  2 gnoll boudas
  2 sleepcaps (D:5)
  4 orc priests
  3 iguanas
  10 orc wizards
  16 gnolls
  8 adders
  A white imp (D:7)
  4 worms
  A dart slug (D:2)
  24 orcs
  8 ball pythons
  8 endoplasms
  10 giant cockroaches
  5 goblins
  4 hobgoblins
  8 jackals
  6 bats
  3 frilled lizards (D:2)
  8 kobolds
  9 rats
204 creatures vanquished.

Notes
Turn   | Place    | Note
-------+----------+-------------------------------------------
     0 | D:1      | qw the Minotaur Hunter began the quest for the Orb.
     0 | D:1      | Reached XP level 1. HP: 18/18 MP: 0/0
     0 | D:1      | 0 ||| qw: Version: 0.2-a-120-gdf1a93b
     0 | D:1      | 0 ||| qw: Game counter: 3125
     0 | D:1      | 0 ||| qw: Always use a shield: true
     0 | D:1      | 0 ||| qw: God list: Okawaru
     0 | D:1      | 0 ||| qw: Allow faded altars: false
     0 | D:1      | 0 ||| qw: Do Orc after D:15 true
     0 | D:1      | 0 ||| qw: Do second Lair branch before Depths: true
     0 | D:1      | 0 ||| qw: Lair rune preference: random
     0 | D:1      | 0 ||| qw: Plans: Normal
     0 | D:1      | 0 ||| PLANNING D:1-11
   256 | D:1      | Reached XP level 2. HP: 25/25 MP: 1/1
   257 | D:1      | Reached skill level 5 in Ranged Weapons
   555 | D:1      | 555 ||| UPGRADING to ring of protection from fire.
   556 | D:1      | 556 ||| READING scroll labelled BANINAASSA.
   557 | D:1      | 557 ||| READING 2 scrolls labelled VIHIOK TITTI.
   558 | D:1      | 558 ||| READING scroll labelled HYFUIN OSMIESS.
   559 | D:1      | 559 ||| READING scroll labelled ORONTEA ONUTYKK.
   560 | D:1      | 560 ||| DROPPING scroll of butterflies.
   562 | D:1      | 562 ||| Stepping ~*~*~tactically~*~*~ (cloud).
   666 | D:2      | 666 ||| STAIRDANCE
   716 | D:2      | Reached skill level 3 in Fighting
   719 | D:2      | 719 ||| STAIRDANCE
   746 | D:2      | Reached XP level 3. HP: 31/31 MP: 2/2
   808 | D:2      | 808 ||| FLEEEEING.
   811 | D:2      | 811 ||| STAIRDANCE
   828 | D:1      | 828 ||| READING 3 scrolls of identify.
   828 | D:1      | 828 ||| IDENTIFYING blue potion
   829 | D:1      | 829 ||| READING 2 scrolls of identify.
   829 | D:1      | 829 ||| IDENTIFYING emerald potion
   830 | D:1      | 830 ||| DROPPING potion of berserk rage.
   843 | D:2      | Found a faded altar of an unknown god.
  1129 | D:2      | Noticed Sigmund
  1137 | D:2      | 1137 ||| READING scroll labelled DAPYPL QOIFIOMM.
  1147 | D:2      | 1147 ||| FLEEEEING.
  1150 | D:2      | Killed Sigmund
  1151 | D:2      | Reached skill level 7 in Ranged Weapons
  1151 | D:2      | Reached XP level 4. HP: 20/38 MP: 3/3
  1151 | D:2      | Reached XP level 5. HP: 24/45 MP: 4/4
  1266 | D:2      | 1266 ||| READING 2 scrolls of identify.
  1266 | D:2      | 1266 ||| IDENTIFYING fizzy brown potion
  1967 | D:3      | 1967 ||| UPGRADING to +0 ring mail.
  1977 | D:3      | 1977 ||| DROPPING +0 leather armour.
  1978 | D:3      | 1978 ||| READING scroll labelled KOERPH VORIL.
  2016 | D:4      | Found Xixkeati's Magic Scroll Shop.
  2017 | D:4      | Noticed an ogre
  2018 | D:4      | 2018 ||| BUYING scroll of enchant weapon (90 gold).
  2018 | D:4      | Bought a scroll of enchant weapon for 90 gold pieces
  2018 | D:4      | 2018 ||| BUYING scroll of identify (24 gold).
  2018 | D:4      | Bought a scroll of identify for 24 gold pieces
  2018 | D:4      | 2018 ||| SHOPLISTING scroll of identify (24 gold, have 18).
  2026 | D:4      | Killed an ogre
  2027 | D:4      | Reached XP level 6. HP: 21/51 MP: 5/5
  2134 | D:4      | 2134 ||| READING scroll of enchant weapon.
  2134 | D:4      | 2134 ||| ENCHANTING +0 shortbow.
  2206 | D:4      | Found Jehon's Armour Shop.
  2209 | D:4      | Identified the +7 long sword "Wiytas" {antimagic, rElec
                  | Will+ Int+2}
  2217 | D:4      | 2217 ||| SHOPLISTING +0 cloak (54 gold, have 33).
  2217 | D:4      | 2217 ||| SHOPLISTING +1 leather armour of poison resistance
                  | (132 gold, have 33).
  2217 | D:4      | 2217 ||| SHOPLISTING +2 pair of slick slippers {slick,
                  | slippery, EV+4} (459 gold, have 33).
  2261 | D:4      | 2261 ||| Stepping ~*~*~tactically~*~*~ (outnumbered).
  2315 | D:4      | 2315 ||| FLEEEEING.
  2316 | D:4      | 2316 ||| FLEEEEING.
  2317 | D:4      | 2317 ||| FLEEEEING.
  2417 | D:4      | Reached skill level 8 in Ranged Weapons
  2419 | D:4      | Reached XP level 7. HP: 48/60 MP: 6/6
  2419 | D:4      | 2419 ||| DROPPING amulet of magic regeneration.
  2420 | D:4      | 2420 ||| DRINKING 2 viscous coppery potions.
  2420 | D:4      | Gained mutation: You expend magic power (3 MP) to
                  | strengthen your wands. [potion of mutation]
  2420 | D:4      | Gained mutation: You occasionally lose the ability to drink
                  | potions when taking damage. [potion of mutation]
  2420 | D:4      | Gained mutation: You are frail. (-10% HP) [potion of
                  | mutation]
  2420 | D:4      | Gained mutation: Your system is resistant to poisons.
                  | (rPois) [potion of mutation]
  2421 | D:4      | 2421 ||| DRINKING potion of mutation.
  2421 | D:4      | Lost mutation: You occasionally lose the ability to drink
                  | potions when taking damage. [potion of mutation]
  2421 | D:4      | Lost mutation: You are frail. (-10% HP) [potion of
                  | mutation]
  2421 | D:4      | Gained mutation: You sometimes lose your temper in combat.
                  | [potion of mutation]
  2421 | D:4      | Lost mutation: You expend magic power (3 MP) to strengthen
                  | your wands. [potion of mutation]
  2421 | D:4      | Gained mutation: You have hidden genetic potential. [potion
                  | of mutation]
  2422 | D:4      | 2422 ||| READING 3 scrolls of identify.
  2422 | D:4      | 2422 ||| IDENTIFYING amethyst potion
  2566 | D:4      | 2566 ||| READING scroll of enchant weapon.
  2566 | D:4      | 2566 ||| ENCHANTING +1 shortbow.
  2591 | D:4      | Found a basalt altar of Yredelemnul.
  2612 | D:4      | Found Wongof's Armour Boutique.
  2615 | D:4      | 2615 ||| SHOPLISTING +1 pair of gloves (149 gold, have 33).
  2755 | D:4      | 2755 ||| Stepping ~*~*~tactically~*~*~ (outnumbered).
  3058 | D:4      | Found Goizar's Weapon Shoppe.
  3066 | D:4      | 3066 ||| SHOPLISTING +5 sling of Greed {freeze, Str+4
                  | Dex+3} (592 gold, have 59).
  3094 | D:4      | 3094 ||| READING scroll labelled QUKLAO WULITIDD.
  3125 | D:5      | Entered Level 5 of the Dungeon
  3199 | D:5      | Reached skill level 9 in Ranged Weapons
  3204 | D:5      | Reached skill level 3 in Dodging
  3329 | D:5      | Reached skill level 6 in Fighting
  3442 | D:5      | You fall into a shaft and drop 3 floors!
  3450 | D:8      | Noticed a hornet
  3461 | D:8      | HP: 9/63 [hornet (16)]
  3462 | D:8      | 3462 ||| READING scroll of teleportation.
  3463 | D:8      | 3463 ||| DRINKING potion of heal wounds.
  3465 | D:8      | Killed a hornet
  3466 | D:8      | Reached XP level 8. HP: 17/70 MP: 7/7
  3484 | D:8      | Gained mutation: You have large cloven feet. [hidden
                  | potential]
  3674 | D:8      | 3674 ||| STAIRDANCE
  3690 | D:7      | Found an opulent altar of Gozag.
  3705 | D:7      | Reached skill level 10 in Ranged Weapons
  4028 | D:7      | 4028 ||| Stepping ~*~*~tactically~*~*~ (outnumbered).
  4068 | D:7      | 4068 ||| READING scroll labelled MUHUMI QUWNO.
  4069 | D:7      | 4069 ||| READING scroll labelled BYEHUME XAETRO.
  4091 | D:6      | 4091 ||| PLANNING SEWER
  4184 | D:6      | Identified the +2 pair of gloves of the Echidna {Int+3}
  4360 | D:6      | Found a glowing drain.
  4361 | D:6      | 4361 ||| Stepping ~*~*~tactically~*~*~ (water).
  4368 | D:6      | 4368 ||| UPGRADING to +2 pair of gloves of the Echidna
                  | {Int+3}.
  4373 | D:6      | 4373 ||| READING scroll labelled SOC PESMUZ.
  4474 | D:6      | 4474 ||| READING 3 scrolls of identify.
  4474 | D:6      | 4474 ||| IDENTIFYING ruby potion
  4475 | D:6      | 4475 ||| DROPPING potion of brilliance.
  4479 | Sewer    | Entered a sewer
  4484 | Sewer    | 4484 ||| Stepping ~*~*~tactically~*~*~ (water).
  4490 | Sewer    | 4490 ||| Stepping ~*~*~tactically~*~*~ (water).
  4652 | D:6      | 4652 ||| PLANNING D:1-11
  4698 | D:5      | Reached skill level 11 in Ranged Weapons
  4707 | D:5      | HP: 13/70 [wight/+5 scimitar of freezing (10)]
  4708 | D:5      | 4708 ||| DRINKING potion of heal wounds.
  4712 | D:5      | Reached skill level 3 in Armour
  4713 | D:5      | HP: 6/69 [wight/+2 scimitar (6)]
  4718 | D:5      | Reached XP level 9. HP: 7/76 MP: 8/8
  5228 | D:5      | Gained mutation: You have great hidden genetic potential.
                  | [hidden potential]
  5228 | D:5      | Lost mutation: You have great hidden genetic potential.
                  | [hidden potential expressed]
  5304 | D:5      | 5304 ||| READING scroll labelled QEAGGA XITURI.
  5305 | D:5      | 5305 ||| READING scroll labelled MUEFEY AMYLU.
  5306 | D:5      | 5306 ||| READING 2 scrolls of identify.
  5306 | D:5      | 5306 ||| IDENTIFYING orange potion
  5729 | D:6      | Found a staircase to the Ecumenical Temple.
  5730 | D:6      | 5730 ||| PLANNING TEMPLE
  5735 | Temple   | Entered the Ecumenical Temple
  5833 | Temple   | 5833 ||| PLANNING D:1-11
  5981 | D:7      | Reached skill level 12 in Ranged Weapons
  6053 | D:7      | Found a hide-covered altar of Uskayaw.
  6102 | D:7      | Found a white marble altar of Elyvilon.
  6104 | D:7      | Found a radiant altar of Vehumet.
  6142 | D:7      | 6142 ||| FLEEEEING.
  6181 | D:7      | 6181 ||| Stepping ~*~*~tactically~*~*~ (outnumbered).
  6194 | D:7      | 6194 ||| FLEEEEING.
  6197 | D:7      | 6197 ||| FLEEEEING.
  6201 | D:7      | 6201 ||| FLEEEEING.
  6456 | D:7      | 6456 ||| UPGRADING to +3 leather armour.
  6466 | D:7      | 6466 ||| DROPPING +0 ring mail.
  6467 | D:7      | 6467 ||| DROPPING ring of flight.
  6468 | D:7      | 6468 ||| DROPPING ring of wizardry.
  6469 | D:7      | 6469 ||| UPGRADING to ring of positive energy.
  6470 | D:7      | 6470 ||| READING 2 scrolls of identify.
  6470 | D:7      | 6470 ||| IDENTIFYING clear potion
  6532 | D:8      | 6532 ||| FLEEEEING.
  6533 | D:8      | 6533 ||| FLEEEEING.
  6534 | D:8      | 6534 ||| FLEEEEING.
  6535 | D:8      | 6535 ||| FLEEEEING.
  6537 | D:8      | 6537 ||| STAIRDANCE
  6818 | D:8      | 6818 ||| DRINKING potion of mutation.
  6818 | D:8      | Lost mutation: You sometimes lose your temper in combat.
                  | [potion of mutation]
  6818 | D:8      | Lost mutation: You have large cloven feet. [potion of
                  | mutation]
  6818 | D:8      | Gained mutation: You are clumsy. (Dex -2) [potion of
                  | mutation]
  6818 | D:8      | Gained mutation: Your spells are a little harder to cast,
                  | but a little more powerful. [potion of mutation]
  6938 | D:8      | 6938 ||| Stepping ~*~*~tactically~*~*~ (outnumbered).
  6954 | D:8      | 6954 ||| DRINKING potion of curing.
  6954 | D:8      | 6954 ||| (to cure confusion)
  7030 | D:8      | Noticed a two-headed ogre
  7041 | D:8      | Killed a two-headed ogre
  7042 | D:8      | Reached skill level 13 in Ranged Weapons
  7042 | D:8      | Reached XP level 10. HP: 63/88 MP: 9/9
  7211 | D:8      | Noticed a two-headed ogre
  7217 | D:8      | Killed a two-headed ogre
  7218 | D:8      | Reached skill level 9 in Fighting
  7224 | D:8      | Reached skill level 6 in Dodging
  7229 | D:8      | Gained mutation: Your muscles are strong. (Str +4, Int/Dex
                  | -1) [hidden potential]
  7720 | D:9      | 7720 ||| STAIRDANCE
  7881 | D:9      | 7881 ||| STAIRDANCE
  7893 | D:8      | Reached skill level 14 in Ranged Weapons
  8046 | D:9      | 8046 ||| STAIRDANCE
  8354 | D:9      | Found a hazy altar of Hepliaklqana.
  8488 | D:9      | Noticed a two-headed ogre
  8489 | D:9      | Noticed a cyan ugly thing
  8489 | D:9      | Noticed a tengu warrior
  8498 | D:9      | HP: 7/93 [tengu warrior/+0 bardiche (20)]
  8498 | D:9      | Slain by a two-headed ogre

Levels and vault maps discovered:
D:1:      nagdon_arrival_zigzag_paths, layout_basic, hex_intersection
D:2:      layout_rooms, basic_ecumenical_altar, kennysheep_nondescript,
          uniq_sigmund
D:3:      layout_loops_ring
D:4:      layout_basic, mainiacjoe_overflow_tiny_flanked, serial_shops, shop,
          nicolae_shop_bloodbath_and_beyond, shop, kennysheep_mini,
          serial_bayou_pond_d, serial_bayou_lagoon_a, dreamdust_gnoll_farm
D:5:      layout_basic, lemuel_flamethrower_2
D:6:      layout_basic, minmay_temple_entry_nine_rooms, portal_sewer_entry_e
D:7:      layout_loops_ring, overflow_temple_1_default,
          overflow_temple_1_default, nicolae_overflow_hidden_temple,
          grunt_ogre_cave
D:8:      layout_basic, amcnicky_mini_pool_medium
D:9:      hangedman_cross_veins, layout_cave_pools, zin_statuary,
          lemuel_tele_altar, david_lair_shrubbed
Temple:   hellmonk_temple_beads

Skill      XL: |  1  2  3  4  5  6  7  8  9 10 |
---------------+-------------------------------+-----
Ranged Weapons | 5 7 8 9 11 13 14 | 14.0
Fighting       | 3 4 6 7 8 10 | 10.1
Armour         | 2 3 |  3.0
Dodging        | 3 4 5 7 |  7.0
Stealth        | |  0.7

Action                     |  1- 3 |  4- 6 |  7- 9 | 10-12 || total
---------------------------+-------+-------+-------+-------++-------
   Fire: Shortbow          |   115 |    86 |   387 |   134 ||   722
    Use: Scroll            |     7 |     3 |    12 |       ||    22
         Potion            |       |       |     6 |       ||     6
 Armour: Leather armour    |    28 |     1 |     4 |    32 ||    65
         Ring mail         |       |     9 |    25 |       ||    34
  Dodge: Dodged            |    48 |    21 |    97 |    88 ||   254

Table legend:
 A = Non-vault XP
 B = Vault XP
 C = Vault XP percentage of total XP
 D = Non-vault monster count
 E = Vault monster count
 F = Vault count percentage of total count
                 A         B        C        D         E       F
            +---------+---------+-------+---------+---------+-------
      Total |    7654 |    1553 |  16.9 |     179 |      25 |  12.3
            +---------+---------+-------+---------+---------+-------
        D:1 |      29 |       0 |   0.0 |      17 |       0 |   0.0
        D:2 |      67 |     231 |  77.5 |      24 |       1 |   4.0
        D:3 |      24 |       0 |   0.0 |      14 |       0 |   0.0
        D:4 |     570 |      73 |  11.4 |      21 |       3 |  12.5
        D:5 |    1239 |       0 |   0.0 |      30 |       0 |   0.0
        D:6 |     110 |      16 |  12.7 |       2 |       8 |  80.0
        D:7 |     823 |     116 |  12.4 |      22 |       1 |   4.3
        D:8 |    4238 |     447 |   9.5 |      44 |       4 |   8.3
        D:9 |     554 |     511 |  48.0 |       5 |       4 |  44.4
      Sewer |       0 |     159 | 100.0 |       0 |       4 | 100.0
            +---------+---------+-------+---------+---------+-------
